 Dungeon Crawl Stone Soup version 0.25-a0-35-g747a2b3c0c (webtiles) character file.

Game seed: 6613281975632971647, levelgen mode: deterministic

69 Arixos the Skirmisher (level 4, -2/36 HPs)
             Began as a Demonspawn Monk on Oct 18, 2019.
             Killed from afar by Natasha (6 damage)
             ... with a magic dart
             ... on level 2 of the Dungeon.
             The game lasted 00:05:53 (1484 turns).

Arixos the Skirmisher (Demonspawn Monk)             Turns: 1484, Time: 00:05:54

Health: -2/36      AC:  2    Str: 12    XL:     4   Next: 2%
Magic:  4/4        EV: 13    Int: 12    God:
Gold:   56         SH:  0    Dex: 15    Spells: 3/3 levels left

rFire    . . .     SeeInvis .   i - +0 dagger (venom)
rCold    . . .     Gourm    .   (no shield)
rNeg     + . .     Faith    +   a - +0 robe
rPois    .         Spirit   .   (helmet restricted)
rElec    .         Reflect  .   (no cloak)
rCorr    .         Harm     .   (no gloves)
MR       .....                  (no boots)
Stlth    ++........             n - amulet of faith
HPRegen  0.12/turn              k - ring of positive energy
MPRegen  0.09/turn              (no ring)

@: slowed, very slow
A: antennae 1
a: no special abilities


You were on level 2 of the Dungeon.
You were not hungry.

You visited 1 branch of the dungeon, and saw 2 of its levels.

You collected 56 gold pieces.

Inventory:

Hand Weapons
 i - a +0 dagger of venom (weapon)
Armour
 a - a +0 robe (worn)
Jewellery
 k - a ring of positive energy (left hand)
 m - an uncursed amulet of magic regeneration
 n - an amulet of faith (around neck)
Scrolls
 d - a scroll of noise {unknown}
 g - 4 scrolls of identify {unknown}
 j - a scroll of immolation {unknown}
Potions
 e - a potion of agility {unknown}
 f - a potion of resistance {unknown}
 h - a potion of heal wounds
 l - a potion of might {unknown}
Comestibles
 b - 4 rations
 c - 3 chunks of flesh


   Skills:
 + Level 3.6 Fighting
 + Level 1.5 Armour
 + Level 3.2 Dodging
 + Level 2.4 Stealth
 - Level 2.6 Unarmed Combat


You had 3 spell levels left.
You didn't know any spells.
Your spell library was empty.

Dungeon Overview and Level Annotations

Branches:
Dungeon (2/15)

Altars:
Gozag

Annotations:
D:2 Jessica, Natasha


Innate Abilities, Weirdness & Mutations

You have a pair of small antennae on your head.


Message History

Natasha is moderately wounded.
Natasha claws you.
* * * LOW HITPOINT WARNING * * *
Natasha misses you.
Jessica gestures wildly while chanting.
Jessica blinks!
You feel yourself speed up.
Natasha stares at you and mumbles some strange words.
You feel yourself slow down.
The crimson imp disappears in a puff of smoke!
Natasha closely misses you.
Natasha hisses.
Natasha casts a spell.
Natasha wildly gestures.
Natasha glows brightly for a moment.
Natasha claws you!
* * * LOW HITPOINT WARNING * * *
Natasha stares at you and mumbles some strange words.
The magic dart hits you.
You die...

... ... ..... ...........## ...
.... .#..........# ##.. ...
............# ...###.#
............# #
....#.####............# ##.###
#.....##>..#.........#
......#####.#...@..# #.......#
#..##.<##.........## #.....#
...###............h#####.##.#
#.........##..##.#.55.##..#.##
..[........#..##.####@.##....#
(....##.......#...####.##....#
.....##............###.......#
..รท.................#####.....#
......#............<#####....>#


You could see Natasha, a crimson imp, a shadow imp and Jessica.

Vanquished Creatures
  An adder (D:2)
  An ooze (D:2)
  3 dart slugs
  A leopard gecko (D:2)
  2 giant cockroaches (D:1)
  6 goblins
  6 hobgoblins
  9 jackals (D:1)
  A quokka (D:2)
  5 bats
  3 frilled lizards (D:2)
  4 kobolds
  3 rats
45 creatures vanquished.

Notes
Turn   | Place    | Note
-------+----------+-------------------------------------------
     0 | D:1      | Arixos the Demonspawn Monk began the quest for the Orb.
     0 | D:1      | Reached XP level 1. HP: 18/18 MP: 1/1
    88 | D:1      | Gained mutation: You have a pair of small antennae on your
                  | head. [demonic ancestry]
    88 | D:1      | Reached XP level 2. HP: 9/24 MP: 2/2
   506 | D:1      | Reached skill level 1 in Armour
   617 | D:1      | Reached XP level 3. HP: 22/29 MP: 3/3
  1249 | D:2      | Found an opulent altar of Gozag.
  1303 | D:2      | Reached XP level 4. HP: 23/36 MP: 4/4
  1458 | D:2      | Noticed Natasha
  1458 | D:2      | Noticed Jessica
  1484 | D:2      | Killed from afar by Natasha

Levels and vault maps discovered:
D:1:      dpeg_arrival_long_road, layout_basic
D:2:      layout_rooms, lemuel_doored_altar, uniq_natasha, uniq_jessica

Skill      XL: |  1  2 |
---------------+-------+-----
Dodging        | 3 |  3.2
Armour         | 1 |  1.5
Stealth        | 2 |  2.4
Fighting       | |  3.6
Unarmed Combat | |  2.6

Action                   |  1- 3 |  4- 6 || total
-------------------------+-------+-------++-------
Melee: Unarmed           |    66 |       ||    66
       Punch             |     1 |       ||     1
       Dagger            |    47 |    13 ||    60
  Use: Potion            |     1 |       ||     1
 Stab: Sleeping          |     8 |     1 ||     9
  Eat: Chunk             |     1 |     1 ||     2
Armor: Robe              |    15 |     1 ||    16
Dodge: Dodged            |    57 |     9 ||    66

Table legend:
 A = Non-vault XP
 B = Vault XP
 C = Vault XP percentage of total XP
 D = Non-vault monster count
 E = Vault monster count
 F = Vault count percentage of total count
                 A         B        C        D         E       F
            +---------+---------+-------+---------+---------+-------
      Total |      99 |       0 |   0.0 |      45 |       0 |   0.0
            +---------+---------+-------+---------+---------+-------
        D:1 |      55 |       0 |   0.0 |      31 |       0 |   0.0
        D:2 |      44 |       0 |   0.0 |      14 |       0 |   0.0
            +---------+---------+-------+---------+---------+-------
